 Dungeon Crawl Stone Soup version 0.30-a0-737-gf23d94013f (webtiles) character file.

Game seed: 3174537170380408631

486018 ragingrage the Metallomancer (level 23, -7/146 HPs)
             Began as a Deep Elf Earth Elementalist on Feb 1, 2023.
             Was the Champion of Vehumet.
             Killed from afar by an orb of fire (29 damage)
             ... with a fireball
             ... on level 1 of the Realm of Zot.
             The game lasted 01:56:20 (87205 turns).

ragingrage the Metallomancer (DEEE)                Turns: 87205, Time: 01:56:21

Health: -7/146     AC: 19    Str:  5    XL:     23   Next: 50%
Magic:  29/49      EV: 24    Int: 38    God:    Vehumet [******]
Gold:   5363       SH: 33    Dex: 21    Spells: 5/62 levels left

rFire   + . .      SeeInvis +    a - staff of earth
rCold   + + +      Faith    .    R - +18 shield of the Gong {Loud rElec rN+ Will+ EV-5}
rNeg    + + .      Spirit   .    v - +2 robe {rC+ rF+}
rPois   +          Reflect  .    U - +2 helmet {SInv}
rElec   +          Harm     .    d - +2 cloak {rCorr}
rCorr   +          Rampage  .    b - +1 pair of gloves "Xavuhumn" {rPois rC++ Will+ Slay-4}
Will    ++++.                    f - +3 pair of boots "Pefeipso" {rPois rC+ Int+3}
Stlth   ++++++                   e - amulet of magic regeneration
HPRegen 0.44/turn                W - ring "Ciug" {rN+ Int+3 Dex+6}
MPRegen 0.71/turn                y - ring of the Octopus King {rCorr HP+2 AC+2 EV+2 SH+2}

@: no status effects
A: no striking features
}: 3/15 runes: decaying, silver, gossamer
a: Renounce Religion


You were on level 1 of the Realm of Zot.
You worshipped Vehumet.
Vehumet was exalted by your worship.
You visited 10 branches of the dungeon, and saw 44 of its levels.
You also visited: Trove, Bailey, Gauntlet and Ice Cave.

You collected 9072 gold pieces.
You spent 3709 gold pieces at shops.

Inventory:

Missiles
 g - 2 throwing nets
 o - 8 curare-tipped darts
Armour
 b - the +1 pair of gloves "Xavuhumn" (worn) {rPois rC++ Will+ Slay-4}
   (You found it on level 1 of the Elven Halls)

   Slay:      It affects your accuracy & damage with ranged weapons and melee
   (-4).
   rC:        It greatly protects you from cold.
   rPois:     It protects you from poison.
   Will:      It increases your willpower.
 d - a +2 cloak of preservation (worn)
 f - the +3 pair of boots "Pefeipso" (worn) {rPois rC+ Int+3}
   (You found it in a Gauntlet)

   Int:       It affects your intelligence (+3).
   rC:        It protects you from cold.
   rPois:     It protects you from poison.
 v - a +2 robe of resistance (worn)
 R - the +18 shield of the Gong (worn) {Loud rElec rN+ Will+ EV-5}
   (You took it off a deep elf high priest on level 3 of the Elven Halls)

   Loud:      It is deafeningly noisy when blocking attacks.
   EV:        It affects your evasion (-5).
   rElec:     It insulates you from electricity.
   rN:        It protects you from negative energy.
   Will:      It increases your willpower.
 U - a +2 helmet of see invisible (worn)
Magical Staves
 a - a staff of earth (weapon)
Jewellery
 e - an amulet of magic regeneration (around neck)
 y - a ring of the Octopus King (right hand) {rCorr HP+2 AC+2 EV+2 SH+2}
   (You found it on level 5 of the Lair of Beasts)

   [ring of resist corrosion]

   AC:        It affects your AC (+2).
   EV:        It affects your evasion (+2).
   HP:        It affects your health (+2).
   rCorr:     It protects you from acid and corrosion.
   SH:        It affects your SH (+2).
 G - the ring "Pecaaj Kimowk" {Contam rPois rF+ rN+ Dex+5}
   (You took it off a tengu reaver on level 5 of the Vaults)

   [ring of poison resistance]

   Dex:       It affects your dexterity (+5).
   rF:        It protects you from fire.
   rPois:     It protects you from poison.
   rN:        It protects you from negative energy.
   Contam:    It causes magical contamination when unequipped.
 W - the ring "Ciug" (left hand) {rN+ Int+3 Dex+6}
   (You took it off a deep elf zephyrmancer on level 3 of the Elven Halls)

   [ring of dexterity]

   Int:       It affects your intelligence (+3).
   Dex:       It affects your dexterity (+6).
   rN:        It protects you from negative energy.
Wands
 i - a wand of light (8)
 m - a wand of flame (9)
 w - a wand of charming (45)
 z - a wand of roots (36)
 A - a wand of digging (17)
Scrolls
 j - 22 scrolls of teleportation
 k - 3 scrolls of magic mapping
 n - 3 scrolls of immolation
 u - 8 scrolls of blinking
 x - 10 scrolls of fear
 B - 5 scrolls of poison
 E - 6 scrolls of fog
 K - 5 scrolls of summoning
 M - 8 scrolls of vulnerability
 O - 6 scrolls of amnesia
 P - 2 scrolls of silence
 T - 7 scrolls of enchant armour
Potions
 c - 7 potions of magic
 h - 7 potions of mutation
 l - 4 potions of haste
 p - 9 potions of heal wounds
 q - 10 potions of attraction
 s - 5 potions of resistance
 C - 9 potions of cancellation
 D - 7 potions of flight
 H - 2 potions of berserk rage
 I - 5 potions of brilliance
 J - 15 potions of curing
 L - 6 potions of ambrosia
 V - 9 potions of invisibility
 Y - 8 potions of lignification
 Z - 9 potions of might
Miscellaneous
 r - a phantom mirror
 t - a tin of tremorstones (2/2)
 F - a box of beasts
 S - a phial of floods
 X - a condenser vane (inert)


   Skills:
 - Level 15.0 Fighting
 - Level 7.0 Armour
 - Level 21.0 Dodging
 + Level 13.3 Stealth
 + Level 12.1 Shields
 + Level 20.2 Spellcasting
 - Level 14.0 Conjurations
 - Level 8.0 Summonings
 - Level 4.6 Translocations
 - Level 8.0 Transmutations
 - Level 6.0 Air Magic
 - Level 24.0 Earth Magic
 + Level 12.5 Evocations


You had 5 spell levels left.
You knew the following spells:

 Your Spells              Type           Power      Damage    Failure   Level
a - Spellforged Servitor  Conj/Summ      44%        N/A       3%          7
b - Irradiate             Conj/Tmut      44%        3d26      1%          5
c - Borgnjor's Vile Clut  Necr/Erth      57%        N/A       1%          5
d - Shatter               Erth           73%        3d53*     2%          9
e - Swiftness             Air            71%        N/A       1%          3
f - Petrify               Tmut/Erth      100%       N/A       1%          4
g - Lee's Rapid Deconstr  Erth           73%        3d33*     0%          5
h - Statue Form           Tmut/Erth      84%        N/A       1%          6
i - Freezing Cloud        Conj/Ice/Air   36%        6-21      1%          5
j - Iron Shot             Conj/Erth      67%        9d12      1%          6
k - Blink                 Tloc           100%       N/A       1%          2

Your spell library contained the following spells:

 Spells                   Type           Power      Damage    Failure   Level
 Ignition                 Fire           19%        3d7       100%        8
 Polar Vortex             Ice            19%        N/A       100%        9
 Magic Dart               Conj           100%       1d8       0%          1
 Sandblast                Erth           100%       2d20      0%          1
 Shock                    Conj/Air       100%       1d9       0%          1
 Passwall                 Tmut/Erth      100%       N/A       0%          2
 Stone Arrow              Conj/Erth      100%       3d13      0%          3
 Beastly Appendage        Tmut           100%       N/A       1%          1
 Kiss of Death            Conj/Necr      100%       2d13      1%          1
 Sting                    Tmut/Pois      100%       1d8       1%          1
 Summon Small Mammal      Summ           100%       N/A       1%          1
 Call Imp                 Summ           78%        N/A       1%          2
 Cigotuvi's Dreadful Rot  Necr/Pois/Air  100%       N/A       1%          2
 Lesser Beckoning         Tloc           100%       N/A       1%          2
 Momentum Strike          Conj/Tloc      100%       3d10      1%          2
 Poisonous Vapours        Pois/Air       100%       N/A       1%          2
 Scorch                   Fire           76%        2d9       1%          2
 Static Discharge         Conj/Air       100%       2-7/arc   1%          2
 Wereblood                Tmut           78%        N/A       1%          2
 Call Canine Familiar     Summ           78%        N/A       1%          3
 Dazzling Flash           Conj/Hex       100%       N/A       1%          3
 Frozen Ramparts          Ice            76%        1d12      1%          3
 Gell's Gravitas          Tloc           65%        N/A       1%          3
 Hailstorm                Conj/Ice       75%        3d15      1%          3
 Ignite Poison            Fire/Tmut/Pois 55%        N/A       1%          3
 Inner Flame              Hex/Fire       38%        N/A       1%          3
 Kindle Blastsparks       Fire/Tloc/Air  100%       2d18      1%          3
 Mephitic Cloud           Conj/Pois/Air  73%        N/A       1%          3
 Spider Form              Tmut/Pois      62%        N/A       1%          3
 Summon Guardian Golem    Hex/Summ       62%        N/A       1%          3
 Teleport Other           Tloc           65%        N/A       1%          3
 Vhi's Electric Charge    Tloc/Air       100%       N/A       1%          3
 Airstrike                Air            35%        2d(6-22)  1%          4
 Animate Armour           Summ/Erth      100%       N/A       1%          4
 Flame Wave               Conj/Fire      75%        2d17      1%          4
 Fulminant Prism          Conj/Hex       37%        3d17      1%          4
 Iskenderun's Mystic Bla  Conj/Tloc      83%        2d16      1%          4
 Summon Lightning Spire   Summ/Air       75%        N/A       1%          4
 Arcjolt                  Conj/Air       42%        1d52      1%          5
 Blade Hands              Tmut           39%        N/A       1%          5
 Fireball                 Conj/Fire      37%        3d15      1%          5
 Iskenderun's Battlesphe  Conj           98%        2d14      1%          5
 Lightning Bolt           Conj/Air       42%        1d62      1%          5
 Ensorcelled Hibernation  Hex/Ice        76%        N/A       2%          2
 Ice Form                 Ice/Tmut       62%        N/A       2%          4
 Manifold Assault         Tloc           65%        N/A       2%          4
 Passage of Golubria      Tloc           65%        N/A       2%          4
 Summon Ice Beast         Ice/Summ       62%        N/A       2%          4
 Yara's Violent Unravell  Hex/Tmut       31%        3d13      2%          5
 Summon Forest            Summ/Tloc      36%        N/A       3%          5
 Confusing Touch          Hex            38%        N/A       4%          3
 Tukima's Dance           Hex            38%        N/A       4%          3
 Vampiric Draining        Necr           38%        2d8       4%          3
 Olgreb's Toxic Radiance  Pois           38%        N/A       4%          4
 Summon Mana Viper        Hex/Summ       62%        N/A       8%          5
 Silence                  Hex/Air        28%        N/A       12%         5
 Anguish                  Hex/Necr       19%        N/A       14%         4
 Cause Fear               Hex            19%        N/A       14%         4
 Dispel Undead            Necr           38%        3d16      14%         4
 Agony                    Necr           38%        N/A       36%         5
 Metabolic Englaciation   Hex/Ice        19%        N/A       36%         5
 Conjure Ball Lightning   Conj/Air       42%        3x3d15    1%          6
 Orb of Destruction       Conj           49%        9d13      1%          7
 Lehudib's Crystal Spear  Conj/Erth      67%        10d15     1%          8
 Starburst                Conj/Fire      37%        6d11      3%          6
 Summon Cactus Giant      Summ           39%        N/A       9%          6
 Dispersal                Tloc           32%        N/A       32%         6
 Monstrous Menagerie      Summ           39%        N/A       41%         7
 Storm Form               Tmut/Air       37%        N/A       56%         7
 Maxwell's Capacitive Co  Air            35%        ∞         86%         8
 Death Channel            Necr           19%        N/A       91%         6
 Simulacrum               Ice/Necr       19%        N/A       91%         6
 Ozocubu's Refrigeration  Ice            19%        4d11      94%         7
 Summon Horrible Things   Summ           39%        N/A       98%         8
 Chain Lightning          Conj/Air       42%        3d56      99%         9
 Discord                  Hex            19%        N/A       100%        8
 Disjunction              Tloc           32%        N/A       100%        8
 Death's Door             Necr           19%        N/A       100%        9
 Fire Storm               Conj/Fire      37%        8d10      100%        9


Dungeon Overview and Level Annotations

Branches:
Dungeon (15/15)            Temple (1/1) D:5            Lair (5/5) D:9
  Swamp (4/4) Lair:2       Spider (4/4) Lair:3        Slime (0/5) Lair:5
    Orc (2/2) D:10            Elf (3/3) Orc:2        Vaults (5/5) D:13
  Crypt (0/3) Vaults:3     Depths (4/4) D:15            Zot (1/5) Depths:4
 Bailey (visited)           IceCv (visited)         Gauntlet (visited)

Altars:
Ashenzari
Cheibriados
Dithmenos
Elyvilon
Fedhas
Gozag
Hepliaklqana
Kikubaaqudgha
Makhleb
Nemelex Xobeh
Okawaru
Qazlal
Ru
Sif Muna
Trog
Uskayaw
Vehumet
Wu Jian
Xom
Yredelemnul
Zin
The Shining One
Jiyva

Shops:
D:1 *   D:3 :[[   D:10 *   D:14 *   D:15 :   Orc:2 ?(!=   Elf:1 [   Elf:2 [*:==
Vaults:1 (   Vaults:2 :   Depths:2 [?

Portals:
Hell: Depths:1 Depths:2 Depths:3 Depths:4
Abyss: Depths:1 Depths:2 Depths:3
Pandemonium: Depths:2 Depths:4
Ziggurat: Depths:2

Annotations:
D:3 2 transporters, Legacy's ghost, amateur MiBe
D:8 Gastronok
D:13 2 transporters, Nialiw's ghost, journeyman GnHu
Elf:2 3 runed translucent doors
Vaults:1 3 runed translucent doors, Feshunla's ghost, adept KoEn


Message History

The zombie hands constrict the black draconian knight!!
The black draconian knight casts a spell at you.
You block the shard of ice.
GONNNNG!
You hear a deafening roar!
You hear a chilling moan.
You hear a deafening roar!
The zombie hands constrict the black draconian knight!
The orb of fire glows bright magenta.
The bolt of fire hits you!! You resist.
The black draconian knight gestures at you while chanting.
The bolt of cold misses you.
The orb of fire emits a lurid red light.
The bolt of fire misses you.
The black draconian knight breathes lightning at you.
The bolt of lightning misses you.
There is a gate leading back out of this place here.
Clouds of poison gas condense around you!
The condenser dries out!
The zombie hands constrict the black draconian knight!
The orb of fire glows red.
The fireball explodes!
The fireball engulfs you!!! You resist.
The fireball engulfs your spellforged servitor!
Your spellforged servitor resists.
The black draconian knight is engulfed in poison gas.
The black draconian knight is poisoned.
You kill the black draconian knight!
Vehumet accepts your kill.
You feel your power returning.
The yellow draconian annihilator is engulfed in poison gas.
The yellow draconian annihilator is poisoned.
Unknown command.
The orb of fire glows yellow.
The fireball explodes!
The fireball engulfs you!!! You resist.
* * * LOW HITPOINT WARNING * * *
The fireball engulfs your spellforged servitor!
Your spellforged servitor resists.
The yellow draconian annihilator is engulfed in poison gas.
The yellow draconian annihilator looks even sicker.
The orb of fire glows red.
The fireball explodes!
The fireball engulfs you!! You resist.
You die...

...#...........
...........§§§d.
...>.....).§§§§#
.....#.....§§*§#
..........[q§§§#
.........[.[...#
........9......#
.......).......#
)......@.......#
...............#
...............#
...............#
........)....)..
#.............).
.....)..........
...............


You could see an orb of fire (ally target), a black draconian, a yellow
draconian annihilator (very poisoned) and a friendly spellforged servitor
(summoned).

Vanquished Creatures
  2 dread liches (Vaults:5)
  An ancient lich (Vaults:5)
  Saint Roka (Elf:2)
  2 golden dragons (Vaults:5)
  A bone dragon (Swamp:4)
  2 tentacled monstrosities (Vaults:5)
  Asterion (Vaults:3)
  3 liches
  A walking crystal tome (Depths:3)
  3 deep elf blademasters (Elf:3)
  A walking divine tome (Depths:3)
  A quicksilver dragon (Vaults:5)
  A titan (Depths:2)
  4 deep elf master archers (Elf:3)
  A sphinx (shapeshifter) (Vaults:5)
  3 death cobs (Zot:1)
  5 sphinxes
  A thorn hunter (Swamp:3)
  3 tengu reavers
  Donald (Swamp:4)
  4 storm dragons
  A draconian knight (Zot:1)
  5 shadow dragons
  A draconian monk (Zot:1)
  4 emperor scorpions (Spider:4)
  13 fire giants
  3 iron dragons
  3 frost giants
  10 vault wardens
  Louise (Depths:1)
  2 broodmothers
  2 draconian scorchers (Zot:1)
  3 deep elf sorcerers
  6 deep elf elementalists (Elf:3)
  2 draconian shifters (Zot:1)
  5 ghost moths
  A draconian stormcaller (Depths:4)
  3 spriggan defenders
  A draconian annihilator (Depths:4)
  18 ironbound preservers
  An orc warlord (Vaults:4)
  13 stone giants
  A war gargoyle (Vaults:5)
  3 reapers (IceCv)
  3 ghouls (Swamp:2)
  9 very ugly things
  6 deep elf demonologists
  2 green draconians
  5 ironbound thunderhulks
  A vampire knight (Depths:4)
  6 deep elf annihilators
  A yellow draconian (Depths:4)
  6 eleionomae
  4 spark wasps
  A minotaur (Gauntlet)
  9 dire elephants
  A white draconian (Depths:4)
  3 purple draconians (Zot:1)
  3 red draconians
  A black draconian (Depths:4)
  A bunyip (Swamp:2)
  Snorg (Orc:1)
  8 ettins
  7 deep elf death magi
  A crystal guardian (Vaults:4)
  16 yaktaur captains
  2 jiangshi (Depths:1)
  4 fire dragons
  2 entropy weavers
  2 great orbs of eyes
  6 deep elf high priests
  3 rakshasas
  An ogre mage (Vaults:5)
  30 vault guards
  Fannar (D:11)
  9 hydras
  4 ice dragons
  A caustic shrike simulacrum (IceCv)
  4 spriggan air magi
  9 ironbound frosthearts
  A death knight (Vaults:3)
  5 ghost crabs
  A peacekeeper (Vaults:4)
  2 jorogumos
  A merfolk avatar (Lair:5)
  Erica (D:8)
  19 centaur warriors
  3 radroaches
  7 alligators
  An anaconda (shapeshifter) (Vaults:5)
  6 death yaks
  5 boulder beetles
  6 death scarabs (Spider:4)
  3 deep troll shamans
  3 deep troll earth magi
  2 tengu warriors
  A vampire mage (Depths:1)
  7 two-headed ogres
  12 dancing weapons
  4 orc high priests
  5 spriggan berserkers
  Urug (Orc:1)
  9 hell knights
  16 deep elf knights
  A soul eater (Depths:4)
  A sixfirhy (Depths:4)
  2 iron trolls (Depths:4)
  8 pharaoh ants
  3 skeletal warriors (D:15)
  4 goliath frogs
  A death drake (shapeshifter) (Elf:3)
  A shadow demon (Depths:4)
  A spriggan druid (Swamp:4)
  4 sun moths
  9 orb spiders
  3 sea snakes (Lair:5)
  5 glowing orange brains
  A flayed ghost (Depths:2)
  55 deep trolls
  An obsidian statue (IceCv)
  An orange crystal statue (IceCv)
  A death drake (Swamp:1)
  6 steelbarb worms
  9 lindwurms
  4 wizards
  4 swamp dragons
  5 necromancers
  7 phantasmal warriors
  17 deep elf archers
  2 spectral wolf spiders (Spider:4)
  7 bog bodies
  A steelbarb worm (shapeshifter) (D:14)
  3 spriggan simulacra (IceCv)
  25 deep elf pyromancers
  30 deep elf zephyrmancers
  15 orc knights
  4 harpies (Vaults:5)
  4 spectral hydras (Swamp:4)
  19 wolf spiders
  16 ironbound convokers
  2 wolf spiders (shapeshifter)
  27 ugly things
  2 orc sorcerers
  3 will-o-the-wisps
  2 fauns (shapeshifter)
  19 elephants
  4 manticores
  3 moths of wrath
  7 cyclopes
  A tengu skeleton (Depths:2)
  A naga mage (D:15)
  A black mamba (shapeshifter) (Elf:1)
  3 black mambas
  2 centaur zombies (D:15)
  Maurice (D:9)
  27 vault sentinels
  3 torpor snails
  A smoke demon (Depths:4)
  7 demonic crawlers
  11 cane toads
  A gargoyle (D:11)
  A cane toad (shapeshifter) (D:13)
  11 kobold demonologists
  2 unseen horrors (shapeshifter)
  A centaur skeleton (D:15)
  3 unseen horrors
  A tormentor (Depths:2)
  5 komodo dragons
  19 yaktaurs
  3 rime drakes
  2 tengu conjurers
  A komodo dragon (shapeshifter) (D:13)
  2 swamp worm zombies (Swamp:4)
  2 anaconda simulacra (IceCv)
  6 freezing wraiths (IceCv)
  2 spectral redbacks (Spider:4)
  2 red devils (Depths:4)
  2 redback zombies (Spider:4)
  7 ice devils
  7 trolls
  5 hydra zombies (Swamp:4)
  A hellwing (Depths:4)
  3 bloated husks
  9 polar bears
  6 tyrant leeches
  A spectral culicivora (Spider:4)
  17 tarantellas
  7 hornets
  24 blink frogs
  3 spectral jumping spiders (Spider:4)
  7 spectral tarantellas (Spider:4)
  A harpy skeleton (D:15)
  A jumping spider zombie (Spider:4)
  A sphinx simulacrum (Depths:2)
  A spectral swamp dragon (Swamp:4)
  A culicivora zombie (Spider:4)
  4 dream sheep (Lair:4)
  A snapping turtle (Lair:5)
  25 jumping spiders
  5 large abominations (Depths:3)
  5 alligator zombies (Swamp:4)
  18 culicivoras
  7 spriggans
  5 shadows
  3 air elementals
  32 slime creatures
  4 water elementals
  24 yaks
  3 basilisks
  2 wraiths
  2 fire elementals
  2 humans (shapeshifter)
  2 steam dragons
  9 wyverns
  3 chaos spawn (Depths:3)
  Grum (D:8)
  6 vampire mosquitoes
  47 redbacks
  Edmund (D:5)
  Menkaure (D:5)
  5 minotaur simulacra (IceCv)
  5 harpy simulacra (IceCv)
  15 wargs
  21 swamp worms
  14 water moccasins
  55 orc warriors
  4 swamp drakes (Swamp:1)
  A black bear (D:5)
  A human skeleton (Depths:2)
  A swamp dragon zombie (Swamp:4)
  An alligator simulacrum (IceCv)
  6 ogres
  8 boggarts (Vaults:1)
  15 wolves
  23 centaurs
  10 phantoms
  7 kobold brigands
  15 bullfrogs
  3 small abominations (Depths:3)
  An earth elemental (Elf:1)
  A necrophage (D:5)
  10 gnoll sergeants
  3 scorpions
  2 deep troll simulacra (IceCv)
  4 wights (D:10)
  3 killer bees (D:8)
  12 howler monkeys
  6 electric eels
  A lava snake (Lair:4)
  4 crimson imps (D:3)
  3 hounds
  7 gnoll boudas
  3 jellies
  23 orc priests
  Ijyb (D:5)
  9 iguanas
  27 orc wizards
  3 spectral swamp drakes (Swamp:4)
  32 gnolls
  5 adders
  6 white imps
  An ufetubus (D:6)
  3 worms
  4 dart slugs
  94 orcs
  4 ball pythons
  8 bats
  4 endoplasms
  3 giant cockroaches
  13 goblins
  20 hobgoblins
  5 quokkas
  4 frilled lizards
  19 kobolds
  6 rats
1789 creatures vanquished.

Vanquished Creatures (collateral kills)
  2 juggernauts (Depths:2)
  A golden dragon (Depths:4)
  A tentacled monstrosity (Vaults:3)
  A lich (Depths:2)
  A titan (Depths:3)
  A shadow dragon (Depths:3)
  2 frost giants
  A vault warden (Vaults:4)
  3 ironbound preservers
  4 stone giants
  5 very ugly things
  A spriggan defender (Depths:3)
  A bunyip (Swamp:3)
  3 dire elephants
  A white draconian (Depths:4)
  A spark wasp (Depths:3)
  3 ettins
  4 fire dragons
  An entropy weaver (Vaults:3)
  An ice dragon (Depths:2)
  2 vault guards
  A centaur warrior (Vaults:3)
  A two-headed ogre (shapeshifter) (Vaults:5)
  A deep troll earth mage (Depths:2)
  A death knight (Vaults:3)
  A deep troll shaman (Depths:2)
  2 tengu warriors
  A spriggan berserker (Depths:1)
  A hell knight (Vaults:5)
  A sixfirhy (Depths:2)
  4 deep trolls
  A glowing orange brain (Depths:4)
  An ironbound convoker (Vaults:3)
  2 phantasmal warriors (Vaults:5)
  A harpy (Vaults:5)
  2 necromancers (Depths:1)
  A tengu zombie (Depths:2)
  4 ugly things
  A smoke demon (Depths:2)
  2 orange demons (Depths:2)
  2 yaktaurs (Vaults:3)
  A hellwing (Depths:4)
  A hornet (Depths:4)
  2 spriggans
  2 chaos spawn (Depths:2)
  3 large abominations (Depths:3)
  3 swamp worms (Swamp:3)
83 creatures vanquished.

Vanquished Creatures (others)
  A manticore (Lair:5)
  A bloated husk (Swamp:4)
  2 hornets
  A fire elemental (Elf:2)
  A water elemental (Elf:2)
  A boggart (Vaults:1)
  38 fungi
  100 plants
145 creatures vanquished.

Grand Total: 2017 creatures vanquished

Notes
Turn   | Place    | Note
-------+----------+-------------------------------------------
     0 | D:1      | ragingrage the Deep Elf Earth Elementalist began the quest
                  | for the Orb.
     0 | D:1      | Reached XP level 1. HP: 10/10 MP: 6/6
   172 | D:1      | Reached XP level 2. HP: 15/15 MP: 6/8
   412 | D:1      | Found Celof's Assorted Antiques.
   871 | D:1      | Reached skill level 4 in Earth Magic
   912 | D:1      | Learned a level 2 spell: Passwall
  1025 | D:2      | Reached XP level 3. HP: 19/19 MP: 5/9
  1714 | D:3      | Found a shimmering altar of Xom.
  1719 | D:3      | Reached XP level 4. HP: 24/24 MP: 7/11
  1865 | D:3      | Found Ezoagrif's Antique Armour Emporium.
  1944 | D:3      | Reached XP level 5. HP: 28/28 MP: 11/13
  2148 | D:3      | Found Daorgh's Armour Shop.
  2239 | D:3      | Reached skill level 5 in Stealth
  2239 | D:3      | Reached skill level 5 in Spellcasting
  2239 | D:3      | Reached skill level 5 in Earth Magic
  2621 | D:4      | Learned a level 3 spell: Stone Arrow
  2637 | D:4      | You fall into a shaft and drop 3 floors!
  2651 | D:7      | Identified the +9 whip of Fiked {flame, *Corrode Str+7
                  | Dex+3 Stlth-}
  2671 | D:7      | Reached XP level 6. HP: 7/32 MP: 12/15
  2676 | D:7      | Reached skill level 6 in Earth Magic
  2777 | D:7      | Found a flagged portal.
  2798 | D:7      | Reached XP level 7. HP: 10/36 MP: 5/16
  2910 | Bailey   | Entered a bailey
  3113 | Bailey   | Reached skill level 1 in Shields
  3113 | Bailey   | Reached skill level 7 in Earth Magic
  3296 | Bailey   | Reached skill level 5 in Conjurations
  3326 | Bailey   | Reached XP level 8. HP: 41/41 MP: 4/17
  3422 | Bailey   | Learned a level 4 spell: Petrify
  3734 | Bailey   | Noticed a kobold demonologist
  3745 | Bailey   | Noticed a hellwing
  3749 | Bailey   | Killed a kobold demonologist
  3750 | Bailey   | Reached skill level 8 in Earth Magic
  3857 | Bailey   | Noticed an orc knight
  3899 | Bailey   | Killed an orc knight
  3900 | Bailey   | Reached skill level 9 in Earth Magic
  3900 | Bailey   | Reached XP level 9. HP: 25/45 MP: 7/18
  4112 | Bailey   | Reached skill level 10 in Earth Magic
  4204 | Bailey   | Noticed an orc knight
  4312 | Bailey   | Found an iron altar of Okawaru.
  4321 | Bailey   | Killed an orc knight
  4332 | Bailey   | Noticed an orc high priest
  4703 | Bailey   | Noticed an orc knight
  4720 | Bailey   | Killed an orc knight
  4993 | Bailey   | Noticed an ice devil
  4993 | Bailey   | Killed an orc high priest
  5313 | D:7      | Acquired the amulet of Qazejouc {Reflect Str+3 SH+5}
  5583 | D:7      | Reached XP level 10. HP: 50/50 MP: 15/22
  5627 | D:7      | Reached skill level 5 in Shields
  6231 | D:6      | Learned a level 3 spell: Swiftness
  6722 | D:6      | Reached skill level 1 in Air Magic
  7048 | D:5      | Entered Level 5 of the Dungeon
  7127 | D:5      | Found a staircase to the Ecumenical Temple.
  7131 | D:5      | Noticed Edmund
  7140 | Temple   | Entered the Ecumenical Temple
  7208 | D:5      | Noticed Menkaure
  7210 | D:5      | Killed Menkaure
  7289 | D:5      | Killed Edmund
  7480 | D:5      | Found a radiant altar of Vehumet.
  7835 | D:5      | Became a worshipper of Vehumet
  7927 | D:5      | Noticed Ijyb
  7932 | D:5      | Killed Ijyb
  8738 | D:4      | Learned a level 4 spell: Iskenderun's Mystic Blast
  8960 | D:4      | Identified the +3 leather armour of the Countless Emperors
                  | {Int+2}
  9339 | D:3      | Found a transporter.
  9339 | D:3      | Noticed Legacy's ghost (amateur MiBe)
  9339 | D:3      | Identified the +9 giant club "Ceopuats" {drain, rC+ rCorr}
  9340 | D:3      | Found a transporter.
  9357 | D:3      | Found Coexuxe's Book Emporium.
  9375 | D:3      | Reached * piety under Vehumet
  9375 | D:3      | Offered knowledge of Foxfire by Vehumet.
 10134 | D:8      | Reached skill level 1 in Translocations
 10249 | D:8      | Noticed Grum
 10257 | D:8      | Identified the +9 eveningstar "Zyolaekh" {freeze, rC+}
 10572 | D:8      | Noticed Erica
 11059 | D:8      | Killed Erica
 11275 | D:8      | Found a blossoming altar of Fedhas.
 11304 | D:8      | Noticed Gastronok
 11559 | D:3      | Bought a shiny helmet for 157 gold pieces
 11732 | D:8      | Killed Grum
 12070 | D:9      | Offered knowledge of Magic Dart by Vehumet.
 12158 | D:9      | Reached XP level 11. HP: 54/54 MP: 22/25
 12250 | D:9      | Reached ** piety under Vehumet
 12260 | D:9      | Found a staircase to the Lair.
 12260 | D:9      | Noticed Maurice
 12628 | D:9      | Reached skill level 11 in Earth Magic
 12721 | D:9      | Killed Maurice
 12723 | D:9      | Noticed a two-headed ogre
 12742 | D:9      | Killed a two-headed ogre
 13117 | D:9      | Found an ornate altar of the Wu Jian Council.
 13282 | D:9      | Identified the +1 dagger of the Fox {freeze, rN+ Dex+3}
 13353 | D:9      | Learned a level 5 spell: Lee's Rapid Deconstruction
 13395 | D:9      | Noticed a brown ugly thing
 13400 | D:9      | Killed a brown ugly thing
 13403 | D:9      | Offered knowledge of Ignite Poison by Vehumet.
 13515 | D:9      | Learned a level 3 spell: Ignite Poison
 13696 | D:9      | Reached skill level 10 in Spellcasting
 13904 | D:10     | Entered Level 10 of the Dungeon
 14080 | D:10     | Identified the +7 long sword "Ziasad" {speed, Fly rC+ Int+2
                  | Dex+3}
 14363 | D:10     | Found a staircase to the Orcish Mines.
 14370 | D:10     | Reached *** piety under Vehumet
 14618 | D:10     | Noticed an orc sorcerer
 14624 | D:10     | Killed an orc sorcerer
 14625 | D:10     | Reached skill level 1 in Fighting
 14625 | D:10     | Reached skill level 1 in Armour
 14863 | D:10     | Noticed a two-headed ogre
 14973 | D:10     | Killed a two-headed ogre
 15040 | D:10     | Reached XP level 12. HP: 59/61 MP: 13/28
 15055 | D:10     | Offered knowledge of Frozen Ramparts by Vehumet.
 15423 | D:9      | Reached skill level 12 in Earth Magic
 16320 | D:10     | Reached **** piety under Vehumet
 16576 | D:10     | Offered knowledge of Sticky Flame by Vehumet.
 16738 | D:10     | Found Jofusou's Profane Products.
 16811 | D:10     | Found a shimmering blue altar of Sif Muna.
 16812 | D:10     | Found a sparkling altar of Nemelex Xobeh.
 16812 | D:10     | Found a bloodstained altar of Trog.
 16813 | D:10     | Found an ancient bone altar of Kikubaaqudgha.
 17090 | Lair:1   | Entered Level 1 of the Lair of Beasts
 19826 | Lair:2   | Reached XP level 13. HP: 70/70 MP: 26/29
 19828 | Lair:2   | Reached skill level 10 in Stealth
 20739 | Lair:3   | Reached skill level 10 in Conjurations
 21126 | Lair:3   | Reached skill level 13 in Earth Magic
 21550 | Lair:3   | Reached ***** piety under Vehumet
 21551 | Lair:3   | Offered knowledge of Arcjolt by Vehumet.
 21877 | Lair:3   | Found a hole to the Spider Nest.
 22014 | Lair:3   | Learned a level 5 spell: Arcjolt
 22054 | Lair:4   | Reached skill level 10 in Dodging
 22462 | Lair:4   | Reached skill level 5 in Fighting
 23686 | Lair:5   | Entered Level 5 of the Lair of Beasts
 24591 | Lair:5   | Reached XP level 14. HP: 80/80 MP: 13/32
 24788 | Lair:5   | Reached skill level 14 in Earth Magic
 26180 | Lair:5   | Found a viscous altar of Jiyva.
 26180 | Lair:5   | Found a staircase to the Slime Pits.
 26351 | Lair:5   | Found the ring of the Octopus King
 26364 | Lair:5   | Identified a ring of the Octopus King {rCorr HP+2 AC+2 EV+2
                  | SH+2}
 26375 | Lair:5   | Identified the +3 eveningstar of Xodoce {vamp, rN+}
 27608 | D:11     | Noticed Fannar
 27623 | D:11     | Killed Fannar
 28268 | Orc:1    | Entered Level 1 of the Orcish Mines
 28268 | Orc:1    | Noticed Urug
 28276 | Orc:1    | Killed Urug
 28670 | Orc:1    | Noticed Snorg
 28676 | Orc:1    | Killed Snorg
 29154 | Orc:1    | Found a shimmering blue altar of Sif Muna.
 29215 | Orc:2    | Entered Level 2 of the Orcish Mines
 29225 | Orc:2    | Offered knowledge of Orb of Destruction by Vehumet.
 29226 | Orc:2    | Reached skill level 5 in Air Magic
 29553 | Orc:2    | Found a staircase to the Elven Halls.
 31026 | Orc:2    | Found Myeck's Antique Weapon Boutique.
 31026 | Orc:2    | Found Atumon's Distillery.
 31026 | Orc:2    | Found Cohibi's Jewellery Shoppe.
 31030 | Orc:2    | Found Biatoe's Magic Scroll Shop.
 31035 | Orc:2    | Bought a potion of mutation for 144 gold pieces
 31042 | Orc:2    | Bought a scroll of blinking for 105 gold pieces
 31042 | Orc:2    | Bought a scroll of blinking for 105 gold pieces
 31724 | D:12     | Offered knowledge of Freezing Cloud by Vehumet.
 31734 | D:12     | Learned a level 5 spell: Freezing Cloud
 32058 | D:12     | Reached skill level 1 in Evocations
 32105 | D:12     | Found a portal to a secret trove of treasure.
 32345 | D:12     | Found a hazy altar of Hepliaklqana.
 32546 | D:13     | Reached XP level 15. HP: 88/88 MP: 12/35
 32569 | D:13     | Found a gate leading to a gauntlet.
 32613 | Gauntlet | Entered a Gauntlet
 32613 | Gauntlet | Found a transporter.
 32613 | Gauntlet | Found a transporter.
 32671 | Gauntlet | Found a transporter.
 32675 | Gauntlet | Found a transporter.
 32685 | Gauntlet | Found a transporter.
 32687 | Gauntlet | Found a transporter.
 32691 | Gauntlet | Found a runed translucent door.
 32693 | Gauntlet | Found a runed translucent door.
 32695 | Gauntlet | Found a transporter.
 32718 | Gauntlet | Found a transporter.
 32732 | Gauntlet | Found a transporter.
 32736 | Gauntlet | Found a transporter.
 32744 | Gauntlet | Found a transporter.
 32748 | Gauntlet | Found a transporter.
 32857 | Gauntlet | Identified the +3 pair of boots "Pefeipso" {rPois rC+
                  | Int+3}
 33398 | D:13     | Found a transporter.
 33404 | D:13     | Found a transporter.
 33409 | D:13     | Noticed Nialiw's ghost (journeyman GnHu)
 33586 | D:13     | Found a gate to the Vaults.
 34277 | D:14     | Found Wienlapn's Overcharged Wands.
 34405 | D:14     | Bought a wand of roots (18) for 648 gold pieces
 34694 | D:14     | Found a glowing golden altar of the Shining One.
 34745 | D:14     | Reached skill level 15 in Spellcasting
 35332 | D:15     | Entered Level 15 of the Dungeon
 35544 | D:15     | Found a frozen archway.
 35560 | IceCv    | Entered an ice cave
 36006 | IceCv    | Reached skill level 5 in Evocations
 37352 | D:15     | Reached ****** piety under Vehumet
 37353 | D:15     | Reached skill level 15 in Earth Magic
 37499 | D:15     | Found Wekic's Self-Improvement Boutique.
 37531 | D:15     | Bought a manual of Fighting for 1440 gold pieces
 37677 | D:15     | Offered knowledge of Iron Shot by Vehumet.
 37890 | D:15     | Reached XP level 16. HP: 57/96 MP: 26/37
 37940 | D:15     | Learned a level 6 spell: Iron Shot
 38233 | D:15     | Found a staircase to the Depths.
 38401 | D:15     | Found the +16 obsidian axe {drain, demonic, Mesm Drain Fly
                  | SInv}
 38895 | Lair:2   | Found a staircase to the Swamp.
 38936 | Swamp:1  | Entered Level 1 of the Swamp
 38951 | Swamp:1  | Reached skill level 10 in Fighting
 41847 | Swamp:3  | Offered knowledge of Conjure Ball Lightning by Vehumet.
 41853 | Swamp:3  | Noticed a thorn hunter
 41952 | Swamp:3  | Killed a thorn hunter
 42212 | Swamp:3  | Reached skill level 16 in Earth Magic
 42885 | Swamp:4  | Entered Level 4 of the Swamp
 42885 | Swamp:4  | Noticed Donald
 42889 | Swamp:4  | Killed Donald
 45621 | Swamp:4  | Noticed a bone dragon
 45836 | Swamp:4  | Killed a bone dragon
 46049 | Swamp:4  | Reached skill level 17 in Earth Magic
 46070 | Swamp:4  | Offered knowledge of Fireball by Vehumet.
 46432 | Swamp:4  | Reached XP level 17. HP: 77/108 MP: 18/38
 46447 | Swamp:4  | Got a decaying rune of Zot
 46916 | Spider:1 | Entered Level 1 of the Spider Nest
 50832 | Spider:2 | Offered knowledge of Maxwell's Capacitive Coupling by
                  | Vehumet.
 52821 | Spider:3 | Learned a level 6 spell: Statue Form
 53257 | Spider:4 | Entered Level 4 of the Spider Nest
 54738 | Spider:4 | Reached skill level 18 in Earth Magic
 56180 | Spider:4 | Reached XP level 18. HP: 117/117 MP: 25/39
 56590 | Spider:4 | Offered knowledge of Polar Vortex by Vehumet.
 56590 | Spider:4 | Offered knowledge of Ignition by Vehumet.
 56590 | Spider:4 | Offered knowledge of Maxwell's Capacitive Coupling by
                  | Vehumet.
 56753 | Spider:4 | Reached skill level 5 in Transmutations
 56785 | Spider:4 | Identified the +0 pair of boots "Sivvit" {Str+3}
 56809 | Spider:4 | Got a gossamer rune of Zot
 57265 | Elf:1    | Entered Level 1 of the Elven Halls
 58601 | Elf:1    | Reached skill level 15 in Fighting
 58744 | Elf:1    | Identified the +1 pair of gloves "Xavuhumn" {rPois rC++
                  | Will+ Slay-4}
 59021 | Elf:1    | Found Vacsil's Armour Emporium.
 60183 | Elf:2    | Found a runed translucent gate.
 60184 | Elf:2    | Found a runed translucent gate.
 60184 | Elf:2    | Found a runed translucent gate.
 60223 | Elf:3    | Entered Level 3 of the Elven Halls
 60542 | Elf:2    | Found Ryqocir's Gadget Gallery.
 60661 | Elf:2    | Noticed Saint Roka
 60666 | Elf:2    | Killed Saint Roka
 61101 | Elf:2    | Found Ifikoele's Armour Boutique.
 61432 | Elf:2    | Found Yveyrogi's Jewellery Boutique.
 61434 | Elf:2    | Found Igodeg Zino's Book Emporium.
 61435 | Elf:2    | Found Unast's Jewellery Boutique.
 62366 | Trove    | Entered a treasure trove
 62377 | Trove    | Got Sif Muna's Further Progress in Forbidden Knowledge
 62383 | Trove    | Got the Elucidation of Quantum Bringing Forth
 62393 | Trove    | Learned a level 2 spell: Blink
 62402 | Trove    | Got the Catalogue of Frosty Accompaniment
 62415 | Trove    | Got Sif Muna's Dissertation on Left-Handed Acts and Hurting
 62418 | Trove    | Got Sif Muna's Guide on the Crater and Astrapomancy
 62427 | Trove    | Got Lizxaruputh's Directory of Bombardment
 62724 | Elf:3    | Reached skill level 19 in Earth Magic
 62726 | Elf:3    | Reached XP level 19. HP: 124/124 MP: 6/40
 63041 | Elf:3    | Identified the +1 leather armour "Kytad" {Rampage rElec}
 63041 | Elf:3    | Identified the ring "Ciug" {rN+ Int+3 Dex+6}
 63549 | Elf:3    | Reached skill level 15 in Dodging
 63864 | Elf:3    | Identified the +5 scimitar "Ymmil Myl" {venom, rF+ rCorr}
 64692 | Elf:3    | Identified the +6 long sword of Hecir {heavy, Dex+3} (You
                  | took it off a deep elf elementalist on level 3 of the Elven
                  | Halls)
 64718 | Elf:3    | Identified the +3 long sword "Qituhoc" {pain, Will+ Dex+3}
 64719 | Elf:3    | Identified the +8 hand axe "Tojal" {heavy, rN+}
 64729 | Elf:3    | Identified the +5 hand axe of Ynath {vamp, Will+ Str+2}
 64769 | Elf:3    | Acquired 1072 gold pieces
 65319 | Vaults:1 | Entered Level 1 of the Vaults
 65975 | Vaults:1 | Learned a level 7 spell: Spellforged Servitor
 66369 | Vaults:1 | Reached skill level 1 in Summonings
 66457 | Vaults:1 | Found Camie's Antique Weapon Boutique.
 66465 | Vaults:1 | Bought a translucent mace for 264 gold pieces
 66465 | Vaults:1 | Identified the +5 mace "Salimu" {speed, Int+2 Dex+4} (You
                  | bought it in a shop on level 1 of the Vaults)
 67388 | D:13     | Learned a level 5 spell: Irradiate
 67608 | Vaults:1 | Found a runed translucent gate.
 67609 | Vaults:1 | Found a runed translucent gate.
 67609 | Vaults:1 | Found a runed translucent gate.
 67614 | Vaults:1 | Identified the +0 ring mail "Leozuykli" {Str+5}
 67787 | Vaults:1 | Noticed Feshunla's ghost (adept KoEn)
 68943 | Vaults:2 | Reached XP level 20. HP: 129/129 MP: 31/43
 69430 | Vaults:2 | Found Niamud's Book Shop.
 70466 | Vaults:2 | Reached skill level 20 in Earth Magic
 71143 | Vaults:3 | Noticed Asterion
 71154 | Vaults:3 | Killed Asterion
 71591 | Vaults:3 | Reached skill level 5 in Summonings
 71599 | Vaults:3 | Reached skill level 10 in Shields
 72044 | Vaults:3 | Found a staircase to the Crypt.
 73548 | Vaults:4 | Identified the +0 sling of Unreason {freeze, Will+}
 74506 | Vaults:4 | Got the Compilation of Called Enchantment
 75198 | Depths:1 | Entered Level 1 of the Depths
 75410 | Depths:1 | Found a one-way gate to the infinite horrors of the Abyss.
 75410 | Depths:1 | Noticed Louise
 75431 | Depths:1 | Killed Louise
 75906 | Depths:1 | Reached XP level 21. HP: 129/134 MP: 22/45
 77344 | Depths:1 | Found a gateway to Hell.
 77723 | Depths:2 | Found Unugg's Magic Scroll Emporium.
 77731 | Depths:2 | Bought 2 scrolls of teleportation for 84 gold pieces
 77731 | Depths:2 | Bought a scroll of fear for 56 gold pieces
 77731 | Depths:2 | Bought a scroll of teleportation for 42 gold pieces
 77731 | Depths:2 | Bought a scroll of fog for 56 gold pieces
 77731 | Depths:2 | Bought a scroll of teleportation for 42 gold pieces
 77731 | Depths:2 | Bought a scroll of fear for 56 gold pieces
 77782 | Depths:2 | Noticed a juggernaut
 77786 | Depths:2 | Killed a juggernaut
 77816 | Depths:2 | Identified the +10 mace "Leviticus" {heavy, rC+ Dex+3
                  | Stlth-}
 78049 | Depths:2 | Noticed a juggernaut
 78173 | Depths:2 | Reached skill level 21 in Earth Magic
 78429 | Depths:2 | Identified the +4 whip of Watchfulness {elec, rC- rN+ Will+
                  | Str+2}
 78562 | Depths:2 | Found a one-way gateway to a ziggurat.
 79249 | Depths:2 | Found Utteonie's Armour Shoppe.
 79270 | Depths:2 | Found a radiant altar of Vehumet.
 79312 | Depths:2 | Killed a juggernaut
 79566 | Depths:2 | Found a one-way gate leading to the halls of Pandemonium.
 80431 | Depths:3 | Learned a level 9 spell: Shatter
 81562 | Depths:3 | Reached skill level 22 in Earth Magic
 81783 | Depths:3 | Identified the +2 leather armour "Epnog" {Str+3}
 82316 | Depths:4 | Entered Level 4 of the Depths
 82523 | Depths:4 | Reached XP level 22. HP: 127/140 MP: 16/47
 82998 | Depths:4 | Reached skill level 23 in Earth Magic
 83376 | Depths:4 | Noticed a golden dragon
 83654 | Depths:4 | Killed a golden dragon
 83850 | Depths:4 | Found a gate to the Realm of Zot.
 84748 | Vaults:5 | Entered Level 5 of the Vaults
 84748 | Vaults:5 | Noticed a dread lich
 84750 | Vaults:5 | Reached skill level 5 in Armour
 84750 | Vaults:5 | Killed a dread lich
 84750 | Vaults:5 | Noticed a golden dragon
 84757 | Vaults:5 | Killed a golden dragon
 84778 | Vaults:5 | Reached skill level 24 in Earth Magic
 84792 | Vaults:5 | Noticed a dread lich
 84794 | Vaults:5 | Killed a dread lich
 84802 | Vaults:5 | Reached skill level 10 in Evocations
 84802 | Vaults:5 | Reached XP level 23. HP: 51/144 MP: 17/48
 85245 | Vaults:5 | Identified the +3 leather armour of Crawling {Harm}
 85310 | Vaults:5 | Identified the amulet "Qamoczuq" {Regen+ Dex+2}
 85327 | Vaults:5 | Noticed an ancient lich
 85330 | Vaults:5 | Killed an ancient lich
 85399 | Vaults:5 | Identified the ring "Pecaaj Kimowk" {Contam rPois rF+ rN+
                  | Dex+5}
 85863 | Vaults:5 | Got a silver rune of Zot
 85881 | Vaults:5 | Identified the +4 falchion of the Hurting Wasp {protect,
                  | rN+}
 86251 | Vaults:5 | Identified the +7 shortbow "Epsem" {speed, rF- rN+ rCorr
                  | Str+6}
 86588 | Vaults:5 | Identified the +0 hand axe of Extremism {heavy, Will++ MP-9
                  | Int+3}
 86709 | Vaults:5 | Acquired 1223 gold pieces
 86883 | Vaults:2 | Bought the Lectures on the Undead for 510 gold pieces
 86889 | Vaults:2 | Learned a level 5 spell: Borgnjor's Vile Clutch
 87123 | Zot:1    | Entered Level 1 of the Realm of Zot
 87201 | Zot:1    | Noticed an orb of fire
 87205 | Zot:1    | Killed from afar by an orb of fire

Illustrated notes

Levels and vault maps discovered:
D:1:      erik_arrival_triangle_small, layout_basic, serial_shops,
          nicolae_lakefront_shop
D:2:      layout_basic, wander_ebering_terrifying_dragon_lair
D:3:      layout_basic, led_xom_imps, gammafunk_ghost_smash, serial_shops,
          nicolae_shop_statue_plus, nicolae_shop_behind_doors, shop
D:4:      layout_cave_pools, eino_small_chamber_without_monster
D:5:      layout_basic, lemuel_tele_altar, minmay_temple_entry_arrows,
          sigmund_army, uniq_menkaure, uniq_edmund, uniq_ijyb
D:6:      layout_gridville, kennysheep_generic_room_16
D:7:      layout_rooms, lightli_bailey_entry_fortress, minmay_misc_feat_chi,
          corexii_corridor_pit, minmay_hedge_maze
D:8:      layout_cave_pods, fedhas_ov_isle_minmay, uniq_erica, uniq_gastronok,
          uniq_grum
D:9:      layout_big_octagon, mainiacjoe_overflow_small_starburst,
          minmay_lair_entry_grove, minmay_bent, uniq_maurice
D:10:     lemuel_castle_with_subvaults [lemuel_castle_interior_carwin_1],
          layout_stronghold, chequers_temple_overflow_statue_of_worship,
          david_orc_2, nicolae_evil_shop
D:11:     minmay_spotlight, layout_gridville, uniq_fannar
D:12:     layout_long_grid, enter_trove_5, chequers_serial_rivers_small_a,
          minmay_stone_trees_small, nzn_hepliaklqana_mist_gate
D:13:     layout_roguey, skrybe_vaults_entry_preservation, gammafunk_ghost_hive,
          gauntlet_entry_generic
D:14:     layout_long_grid, tso_altar, nicolae_shop_overcharged_wands
D:15:     grunt_enter_depths_magical_seal, layout_irregular_city,
          nicolae_twisting_strands, portal_ice_cave_entry_pillars_1,
          serial_bayou_pond_c, dreamdust_deal_with_the_devil,
          nicolae_shop_self_help
Temple:   eino_temple_lava
Lair:1:   layout_regular_city, grunt_megastairs_1
Lair:2:   layout_gridlike, nicolae_swamp_entry_splash_gauntlet
Lair:3:   layout_layer_cave, spider_nest_entry_a
Lair:4:   layout_gridlike, grunt_megastairs_3, lemuel_fruit_tree,
          lemuel_fruit_fields, serial_bayou_shore_b, lemuel_fruit_fields
Lair:5:   gammafunk_lair_ancient_temple, layout_misc_corridors, slime_entry_1,
          lemuel_fruit_fields
Swamp:1:  layout_basic_swamp, serial_swamp_ruin, evilmike_swamp_ruin_house_3,
          hangedman_swamp_ruin_wall, evilmike_swamp_ruin_house_5, swamp_pool2,
          nicolae_swamp_drake_lake
Swamp:2:  layout_falls_marsh, nicolae_swamp_treefoil
Swamp:3:  layout_basic_swamp, nicolae_swamp_feature_on_the_river_bank,
          swamp_pool4
Swamp:4:  swamp_pestilence, layout_basic_swamp, infiniplex_staircase_pool,
          uniq_donald
Spider:1: layout_cave_pods
Spider:2: layout_spider_delve
Spider:3: layout_spider_delve, guppyfry_spider_mini_2
Spider:4: floodkiller_spider_rune_tomb, hellmonk_test_site
Orc:1:    layout_diamond_mine, kennysheep_orc_sif_temple, uniq_urug, uniq_snorg
Orc:2:    st_orc_rangers, layout_caves, minmay_orc_keep
Elf:1:    nicolae_elf_arrival_no_cutting_in_line, layout_geoelf_grid,
          serial_shops, shop, minmay_elf_demonology
Elf:2:    nicolae_elf_blades_splatter_lattice [nicolae_blade_tridents],
          layout_gridlike, serial_shops, shop_fountains, nicolae_shop_gadgets,
          minmay_shop_grove, uniq_saint_roka
Elf:3:    minmay_elf_hall_statues, layout_loops_cross,
          small_chamber_with_monster
Vaults:1: gammafunk_ghost_split, vaults_room_door_hall, hangedman_vaults_trim,
          ontoclasm_vaults_hangar, v_pattern_2, v_misc_26,
          hangedman_vaults_nodes, vaults_dpeg_cross, v_misc_15,
          nicolae_vaults_big_ls, vaults_room_hallway, layout_vaults_ring,
          serial_shops, nicolae_square_shop
Vaults:2: nicolae_vaults_hallways_thing, nicolae_vaults_little_squares_6,
          vaults_room_grunt_arrival_ludios, v_rooms_3, ontoclasm_vaults_idyll,
          ontoclasm_vaults_shuriken, vaults_standard_mumra_x,
          layout_vaults_omnigrid, serial_shops, shop
Vaults:3: ontoclasm_vaults_fault, hangedman_vaults_nails, v_misc_14,
          nicolae_vaults_circle_grid_b, ontoclasm_vaults_decontamination,
          st_spiral_rooms, hangedman_vaults_trim, blue_anna_dwarven_crypt,
          v_misc_27, hangedman_vaults_restitches, ontoclasm_vaults_idyll,
          layout_vaults_omnicross, uniq_asterion
Vaults:4: ontoclasm_vaults_bender, vaults_room_grid,
          ontoclasm_vaults_misaligned, nicolae_vaults_asterisk,
          nicolae_vaults_shelves_hall, ontoclasm_vaults_hangar,
          hangedman_vaults_locks, layout_vaults_big_room
Vaults:5: serial_shops
Depths:1: layout_forbidden_donut, hangedman_geh_valley, corexii_corridor_pit,
          nicolae_abyss_entry_one_way_or_another, drop_trap,
          nicolae_figureground_sparkle
Depths:2: minmay_the_grid_triangle_9x9_rhombus_thin_mashed
          [minmay_the_grid_triangle_9x9_odd_lines,
          minmay_the_grid_triangle_9x9_prize_center,
          minmay_the_grid_triangle_9x9_from_above,
          minmay_the_grid_triangle_9x9_minimal], layout_cave_shapes,
          enter_ziggurat_c, grunt_pan_entry_zigzag, hell_entry, abyss_entry,
          serial_shops, shop, nicolae_shop_waterfront,
          nicolae_vehumet_altar_sigil, serial_bayou_shore_b
Depths:3: evilmike_horseshoe, layout_gridlike, minmay_room_of_horrors,
          hell_entry
Depths:4: grunt_zot_entry_hairpin, layout_basic, grunt_hell_entry_dis_grunt,
          grunt_pan_entry_in_and_out, minmay_strange_pillars
Zot:1:    layout_misc_corridors

Skill      XL: |  1  2  3  4  5  6  7  8  9 10 11 12 13 14 15 16 17 18 19 20 21 22 23 |
---------------+----------------------------------------------------------------------+-----
Stealth        | 3 4 5 7 9 12 13 | 13.3
Earth Magic    | 4 5 6 7 9 10 11 12 13 14 15 17 18 19 20 22 24 | 24.0
Spellcasting   | 4 5 7 8 10 12 14 15 17 18 19 20 | 20.2
Conjurations   | 2 5 6 8 9 10 11 12 13 14 | 14.0
Shields        | 2 3 4 5 6 8 9 10 12 | 12.1
Transmutations | 4 7 8 |  8.0
Dodging        | 6 7 9 10 12 14 17 19 20 21 | 21.0
Air Magic      | 3 5 6 |  6.0
Translocations | 2 4 |  4.6
Fighting       | 1 4 6 7 9 13 14 15 | 15.0
Armour         | 1 3 7 |  7.0
Evocations     | 1 7 9 10 12 | 12.5
Summonings     | 3 7 8 |  8.0

Action                     |  1- 3 |  4- 6 |  7- 9 | 10-12 | 13-15 | 16-18 | 19-21 | 22-24 || total
---------------------------+-------+-------+-------+-------+-------+-------+-------+-------++-------
  Melee: Unarmed           |     5 |     2 |       |       |       |       |       |       ||     7
         Whip              |       |    16 |     8 |    10 |       |       |       |       ||    34
         Short sword       |       |       |    16 |     9 |     1 |       |       |       ||    26
         Eveningstar       |       |       |       |    23 |       |       |       |       ||    23
         Long sword        |       |       |       |    43 |    58 |    82 |    95 |     5 ||   283
  Throw: Dart              |       |       |     1 |       |       |       |     2 |       ||     3
         Throwing net      |       |       |       |       |     1 |       |       |       ||     1
   Cast: Sandblast         |    58 |    52 |    38 |       |       |       |       |       ||   148
         Stone Arrow       |       |       |    60 |   456 |   655 |   527 |       |       ||  1698
         Petrify           |       |       |     3 |       |     3 |     2 |       |     1 ||     9
         Lee's Rapid Decon |       |       |       |    29 |   162 |   280 |   287 |    10 ||   768
         Passwall          |       |       |       |     1 |       |       |       |       ||     1
         Arcjolt           |       |       |       |       |    27 |    23 |    13 |       ||    63
         Swiftness         |       |       |       |       |     3 |       |     1 |       ||     4
         Iskenderun's Myst |       |       |       |       |     4 |     1 |       |       ||     5
         Freezing Cloud    |       |       |       |       |     1 |    24 |    12 |       ||    37
         Iron Shot         |       |       |       |       |       |   157 |   278 |    88 ||   523
         Statue Form       |       |       |       |       |       |     1 |       |       ||     1
         Irradiate         |       |       |       |       |       |       |     2 |       ||     2
         Spellforged Servi |       |       |       |       |       |       |    51 |    21 ||    72
         Shatter           |       |       |       |       |       |       |    21 |    81 ||   102
         Borgnjor's Vile C |       |       |       |       |       |       |       |     1 ||     1
  Evoke: Wand              |       |       |       |     6 |    10 |     6 |     6 |       ||    28
         Condenser vane    |       |       |       |     1 |     2 |     2 |     2 |     1 ||     8
         Tin of tremorston |       |       |       |       |     2 |     4 |     3 |       ||     9
         Phantom mirror    |       |       |       |       |       |       |     3 |       ||     3
    Use: Potion            |       |     2 |     2 |       |       |       |       |     1 ||     5
         Scroll            |       |       |     5 |    14 |    11 |     6 |     5 |     2 ||    43
   Stab: Petrified         |       |       |    14 |       |       |       |       |       ||    14
         Confused          |       |       |       |     3 |       |       |       |       ||     3
         Sleeping          |       |       |       |       |     1 |       |       |       ||     1
         Distracted        |       |       |       |       |       |     1 |     2 |       ||     3
         Invisible         |       |       |       |       |       |       |     2 |       ||     2
 Armour: Robe              |     4 |     3 |       |     1 |    32 |   105 |    28 |     7 ||   180
         Leather armour    |       |       |       |    97 |    56 |       |       |       ||   153
         Skin              |       |       |       |       |       |     1 |       |       ||     1
  Dodge: Dodged            |    12 |    23 |    13 |   159 |   248 |   213 |   186 |    32 ||   886
  Block: Buckler           |     1 |     3 |     1 |   186 |   282 |   105 |       |       ||   578
         Reflection        |       |       |       |    25 |    84 |    43 |    47 |       ||   199
         Kite shield       |       |       |       |       |       |   191 |   290 |    49 ||   530

Table legend: (Time is in decaauts)
 A = Elapsed time spent in this place.
 B = Non-inter-level travel time spent in this place.
 C = Inter-level travel time spent in this place.
 D = Time resting spent in this place.
 E = Time spent auto-exploring this place.
 F = Levels seen in this place.
 G = Mean time per level.
                   A        B        C        D        E       F      G
               +--------+--------+--------+--------+--------+-----+--------+
         Total |  87509 |  80400 |   7109 |  31041 |  37393 |  48 | 1823.1 |
       Dungeon |  23679 |  20328 |   3351 |   5027 |  12114 |  15 | 1578.6 |
        Temple |     63 |     56 |      7 |      0 |     48 |   1 |   63.0 |
          Lair |   9686 |   9074 |    612 |   3617 |   4167 |   5 | 1937.2 |
         Swamp |   7943 |   7795 |    148 |   4002 |   2660 |   4 | 1985.8 |
   Spider Nest |  10286 |   9901 |    385 |   5617 |   3132 |   4 | 2571.5 |
  Orcish Mines |   3156 |   2914 |    242 |   1185 |   1326 |   2 | 1578.0 |
   Elven Halls |   8181 |   7074 |   1107 |   3266 |   2827 |   3 | 2727.0 |
        Vaults |  11838 |  11142 |    696 |   3317 |   6198 |   5 | 2367.6 |
        Depths |   8229 |   7671 |    558 |   2751 |   3830 |   4 | 2057.2 |
           Zot |     35 |     35 |      0 |      9 |      0 |   1 |   35.0 |
         Trove |     83 |     83 |      0 |      0 |     48 |   1 |   83.0 |
        Bailey |   2347 |   2347 |      0 |   1276 |    582 |   1 | 2347.0 |
      Ice Cave |   1423 |   1423 |      0 |    897 |    185 |   1 | 1423.0 |
      Gauntlet |    555 |    555 |      0 |     76 |    276 |   1 |  555.0 |
               +--------+--------+--------+--------+--------+-----+--------+

Top non-repeatable levels by time:
 Swamp:4: 3870 daAuts
Spider:4: 3853 daAuts
   Elf:3: 3237 daAuts
Spider:1: 3203 daAuts
   Elf:1: 3177 daAuts
    D:10: 3118 daAuts
  Lair:4: 3116 daAuts
Vaults:1: 2943 daAuts
Vaults:2: 2660 daAuts
Vaults:4: 2539 daAuts
  Bailey: 2347 daAuts
   Orc:1: 2318 daAuts
Vaults:3: 2299 daAuts
Depths:2: 2162 daAuts
     D:9: 2112 daAuts
